 Dungeon Crawl Stone Soup version 0.31.0-11-ge490571c62 (webtiles) character file.

Game seed: 4101514132821389351

391 browni3141 the Chopper (level 6, 0/56 HPs)
             Began as a Minotaur Fighter on Jan 28, 2024.
             Slain by a gnoll
             ... wielding a +0 halberd
             ... led by a gnoll sergeant
              (8 damage)
             ... on level 5 of the Dungeon.
             The game lasted 00:01:34 (3314 turns).

browni3141 the Chopper (Minotaur Fighter)           Turns: 3314, Time: 00:01:34

Health: 0/56       AC: 12    Str: 29    XL:     6   Next: 50%
Magic:  5/5        EV: 12    Int:  5    God:
Gold:   197        SH:  4    Dex:  9    Spells: 5/5 levels left

rFire   . . .        a - +0 war axe
rCold   . . .        c - +0 buckler
rNeg    . . .        f - +0 plate armour
rPois   .            (helmet restricted)
rElec   .            (no cloak)
rCorr   .            (no gloves)
SInv    .            (no boots)
Will    .....        (no amulet) Stlth
                     j - +6 ring of strength
HPRegen 0.29/turn    t - +5 ring of evasion
MPRegen 0.09/turn

%: no passive effects
@: mighty
A: horns 2, retaliatory headbutt
a: no special abilities


You were on level 5 of the Dungeon.
You visited 1 branch of the dungeon, and saw 5 of its levels.

You collected 197 gold pieces.

Inventory:

Hand Weapons
 a - a +0 war axe (weapon)
Missiles
 h - 2 javelins (quivered)
 y - 3 boomerangs
Armour
 b - a +0 scale mail
 c - a +0 buckler (worn)
 f - a +0 plate armour (worn)
Jewellery
 j - a +6 ring of strength (left hand)
 k - a ring of resist corrosion
 s - a ring of willpower
 t - a +5 ring of evasion (right hand)
 x - a ring of willpower
Wands
 n - a wand of quicksilver (7)
Scrolls
 e - 2 scrolls of vulnerability {unknown}
 g - 3 scrolls of identify {unknown}
 i - a scroll of revelation {unknown}
 l - 2 scrolls of butterflies {unknown}
 o - a scroll of enchant armour {unknown}
 q - a scroll of teleportation {unknown}
 u - a scroll of torment {unknown}
 v - 2 scrolls of blinking {unknown}
 w - a scroll of immolation {unknown}
 A - a scroll of acquirement {unknown}
 D - a scroll of fog {unknown}
Potions
 m - a potion of attraction {unknown}
 p - 2 potions of magic {unknown}
 r - a potion of lignification {unknown}
 z - a potion of cancellation {unknown}
 B - a potion of enlightenment {unknown}
 C - a potion of curing {unknown}


   Skills:
 + Level 5.1 Fighting
 * Level 5.5 Axes
 + Level 5.1 Armour
 + Level 5.1 Shields


You had 5 spell levels left.
You didn't know any spells.
Your spell library contained the following spells:

 Spells                   Type           Power      Damage    Failure   Level
 Ensorcelled Hibernation  Hex/Ice        0%         N/A       100%        2
 Fugue of the Fallen      Necr           0%         N/A       100%        3
 Anguish                  Hex/Necr       0%         N/A       100%        4


Dungeon Overview and Level Annotations

Branches:
Dungeon (5/15)
 Temple: D:4-7

Altars:

Annotations:
D:3 2 transporters, SnakkuSnakku7's ghost, amateur AtHW
D:4 2 transporters, mainiacjoe's ghost, amateur DEGl


Innate Abilities, Weirdness & Mutations

You have a pair of horns on your head.
You reflexively headbutt those who attack you in melee.


Message History

You see here an adder corpse.
Partly explored, unvisited transporter.
No target in view!
Partly explored, unvisited transporter.
Partly explored, unvisited transporter.
No target in view!
No target in view!
Partly explored, unvisited transporter.
No target in view!
Partly explored, unvisited transporter.
An orc comes into view. It is wielding a +0 falchion.
You can't go down here!
Okay, then.
The orc shouts!
The orc closely misses you. You furiously retaliate!
You headbutt the orc, but do no damage. You barely miss the orc.
You block the orc's attack.
You slash the orc!
You kill the orc!
No target in view!
Things that are here:
a +0 falchion; an orc corpse
There is a stone staircase leading down here.
You climb downwards.
The hound barks!
The gnoll sergeant shouts!
The gnoll shouts! x4
There is a stone staircase leading up here.
There are monsters nearby!
There are monsters nearby!
There are monsters nearby!
The hound barely misses you. The hound bites you but does no damage.
There are monsters nearby!
You miss the hound. The hound bites you.
You barely miss the hound. The hound bites you. You block the hound's attack.
A gnoll comes into view. It is wielding a +0 halberd.
You block the gnoll's attack. The hound bites you but does no damage.
You barely miss the hound.
The gnoll shouts!
You hit the gnoll but do no damage. The hound bites you but does no damage.
The gnoll hits you but does no damage. You block the hound's attack.
You hit the hound. Your headbutt misses the hound.
The hound is lightly wounded.
You slash the gnoll! You hit the gnoll. You hit the gnoll but do no damage.
The gnoll hits you but does no damage. The hound closely misses you.
The gnoll sergeant hits you but does no damage.
The gnoll misses you. The gnoll barely misses you.
The gnoll hits you but does no damage.
The gnoll sergeant completely misses you.
The hound bites you but does no damage. The gnoll barely misses you.
You furiously retaliate!
You headbutt the gnoll. The gnoll hits you but does no damage.
You barely miss the gnoll. Your headbutt misses the gnoll.
The gnoll is severely wounded.
You barely miss the gnoll. x2; You hit the hound.
The gnoll barely misses you. The hound bites you. The gnoll barely misses you.
You furiously retaliate!
You headbutt the gnoll.
The gnoll sergeant hits you but does no damage.
The gnoll hits you with a +0 halberd. The gnoll misses you. x2
The hound bites you but does no damage.
You completely miss the gnoll.
The gnoll is severely wounded.
You closely miss the gnoll. You slash the gnoll!
You kill the gnoll!
You barely miss the hound. You block the hound's attack.
The gnoll sergeant hits you from afar with a +0 spear.
The gnoll closely misses you. The gnoll barely misses you.
You slash the gnoll!
You kill the gnoll!
You hit the hound. You closely miss the gnoll. The hound barely misses you.
The gnoll sergeant closely misses you. The hound barely misses you.
You furiously retaliate!
You headbutt the hound!
You kill the hound!
You block the gnoll's attack.
The gnoll hits you from afar with a +0 spear.
You barely miss the gnoll.
The gnoll is lightly wounded.
The gnoll sergeant misses you.
The gnoll hits you from afar with a +0 spear.
You block the gnoll sergeant's attack.
You closely miss the gnoll. You headbutt the gnoll!
The gnoll is severely wounded.
The gnoll barely misses you.
The gnoll hits you from afar with a +0 spear.
The gnoll sergeant hits you but does no damage.
The gnoll closely misses you. The gnoll hits you but does no damage.
The gnoll hits you with a +0 whip!
You hit the gnoll.
You kill the gnoll!
The gnoll sergeant barely misses you. The gnoll barely misses you. x2
The gnoll sergeant hits you but does no damage.
The gnoll hits you with a +0 halberd. The gnoll hits you with a +0 spear.
There is a stone staircase leading up here.
You feel very mighty all of a sudden. The gnoll sergeant closely misses you.
The gnoll hits you with a +0 halberd. The gnoll hits you with a +0 spear.
You slice the gnoll sergeant!!
The gnoll sergeant is severely wounded.
You hit the gnoll. You barely miss the gnoll.
The gnoll sergeant hits you with a +0 spear!
The gnoll hits you with a +0 halberd!
You die...

#......# #......#
###......##+#####
.................
.................
.................
.........†.......
.......).).......
##....@)###+####
#...ggg# #......#
#......# +......#
#......+ #......#
#......#


You could see a gnoll sergeant and 2 gnolls.

Vanquished Creatures
  A scorpion (D:3)
  A hound (D:5)
  3 iguanas
  An orc wizard (D:3)
  6 gnolls
  6 adders
  2 dart slugs
  3 ribbon worms
  11 orcs
  5 endoplasms
  2 giant cockroaches
  5 goblins
  5 hobgoblins
  3 quokkas
  3 ball pythons
  3 bats
  4 frilled lizards
  8 kobolds
  4 rats
76 creatures vanquished.

Notes
Turn   | Place    | Note
-------+----------+-------------------------------------------
     0 | D:1      | browni3141 the Minotaur Fighter began the quest for the
                  | Orb.
     0 | D:1      | Reached XP level 1. HP: 19/19 MP: 0/0
   520 | D:1      | Reached XP level 2. HP: 27/27 MP: 1/1
   947 | D:2      | Reached XP level 3. HP: 27/33 MP: 2/2
  1348 | D:2      | Identified the +2 sling of Expedience {antimagic, rF++ rC-
                  | Will+ Str+2}
  1754 | D:3      | Reached XP level 4. HP: 19/40 MP: 3/3
  1844 | D:3      | Found a transporter.
  1948 | D:3      | Found a transporter.
  1960 | D:3      | Noticed a scorpion
  1967 | D:3      | Killed a scorpion
  1968 | D:3      | Reached XP level 5. HP: 47/47 MP: 4/4
  1971 | D:3      | Noticed SnakkuSnakku7's ghost (amateur AtHW)
  2195 | D:3      | Reached skill level 5 in Axes
  2515 | D:4      | Reached XP level 6. HP: 55/55 MP: 5/5
  3026 | D:4      | Found a transporter.
  3029 | D:4      | Found a transporter.
  3030 | D:4      | Noticed mainiacjoe's ghost (amateur DEGl)
  3179 | D:4      | Reached skill level 5 in Fighting
  3181 | D:4      | Reached skill level 5 in Armour
  3181 | D:4      | Reached skill level 5 in Shields
  3298 | D:5      | Entered Level 5 of the Dungeon
  3314 | D:5      | Slain by a gnoll

Illustrated notes

Levels and vault maps discovered:
D:1:      nagdon_arrival_double_spiral, layout_loops_ring
D:2:      layout_basic, st_stairs_13, corexii_corridor_pit,
          hangedman_decor_riveting
D:3:      layout_rooms, gammafunk_ghost_stat_death
D:4:      layout_cave_pods, gammafunk_ghost_mausoleum
D:5:      layout_gridville, minmay_temple_entry_glassed_door, serial_shops,
          nicolae_shop_industrial_runoff, nicolae_square_shop,
          nicolae_shop_hallway_plus, shop, hangedman_abyss_or_decor_stagger

Skill      XL: |  1  2  3  4  5  6 |
---------------+-------------------+-----
Axes           | 3 4 5 |  5.5
Fighting       | 4 5 |  5.1
Armour         | 4 5 |  5.1
Shields        | 4 5 |  5.1

Action                     |  1- 3 |  4- 6 || total
---------------------------+-------+-------++-------
  Melee: War axe           |    68 |   100 ||   168
         Headbutt          |    10 |    12 ||    22
         Unarmed           |     1 |       ||     1
    Use: Potion            |       |     1 ||     1
 Armour: Plate armour      |    49 |   123 ||   172
         Scale mail        |     2 |       ||     2
  Dodge: Dodged            |    16 |    74 ||    90
  Block: Buckler           |     8 |    21 ||    29
